 Dungeon Crawl Stone Soup version 0.21.1-1-g345015f (webtiles) character file.

351628 Monsterracer the Warrior (level 22, -2/202 HPs)
             Began as a Hill Orc Artificer on May 5, 2018.
             Was the Champion of Kikubaaqudgha.
             Splashed by a caustic shrike's acid (5 damage)
             ... on level 1 of the Depths on May 8, 2018.
             The game lasted 02:32:48 (63822 turns).

Monsterracer the Warrior (Hill Orc Artificer)      Turns: 63822, Time: 02:32:49

Health: -2/202     AC: 22    Str: 25    XL:     22   Next: 23%
Magic:  27/36      EV: 15    Int: 23    God:    Kikubaaqudgha [******]
Gold:   941        SH:  7    Dex:  9    Spells: 11/41 levels left

rFire    . . .     SeeInvis .   a - +7 broad axe (pain)
rCold    . . .     Gourm    .   K - +1 buckler of Ru's Delight {Slay+4}
rNeg     . . .     Faith    .   O - +4 ring mail of Vlad {rPois Str+3 Int+4 Dex-2}
rPois    +         Spirit   .   S - +2 helmet
rElec    .         Reflect  .   B - +2 cloak
rCorr    +         Harm     .   r - +2 pair of gloves
MR       +....                  s - +2 pair of boots
Stlth    +.........             R - amulet "Reagay" {rPois Regen+ Str+2}
HPRegen  0.83/turn              f - ring of resist corrosion
MPRegen  0.25/turn              p - +3 ring of intelligence

@: corroded
A: no striking features
}: 2/15 runes: barnacled, gossamer
a: Receive Corpses, Torment, Renounce Religion


You were on level 1 of the Depths.
You worshipped Kikubaaqudgha.
Kikubaaqudgha was exalted by your worship.
You were near starving.

You visited 8 branches of the dungeon, and saw 38 of its levels.
You also visited: Bailey.

You collected 3793 gold pieces.
You spent 2852 gold pieces at shops.

Inventory:

Hand Weapons
 a - a +7 broad axe of pain (weapon)
Armour
 r - a +2 pair of gloves (worn)
 s - a +2 pair of boots (worn)
 B - a +2 cloak (worn)
 E - a +0 shield of positive energy
 K - the +1 buckler of Ru's Delight (worn) {Slay+4}
   (You bought it in a shop on level 4 of the Vaults)

   It affects your accuracy and damage with ranged weapons and melee attacks
   (+4).
 O - the +4 ring mail of Vlad (worn) {rPois Str+3 Int+4 Dex-2}
   (You found it on level 4 of the Lair of Beasts)

   It affects your strength (+3).
   It affects your intelligence (+4).
   It affects your dexterity (-2).
   It protects you from poison.
 S - a +2 helmet (worn)
Jewellery
 f - a ring of resist corrosion (left hand)
 o - an uncursed ring of protection from magic {!d}
 p - a +3 ring of intelligence (right hand)
 G - an uncursed ring of fire
 R - the amulet "Reagay" (around neck) {rPois Regen+ Str+2}
   (You took it off an ironbrand convoker on level 4 of the Vaults)

   [amulet of regeneration]

   It affects your strength (+2).
   It protects you from poison.
   It increases your rate of regeneration.
 Y - an uncursed ring of see invisible
Wands
 d - a wand of enslavement (19)
 z - a wand of iceblast (35)
 A - a wand of paralysis (38)
 D - a wand of polymorph (30)
 M - a wand of acid (21)
 T - a wand of clouds (18)
 V - a wand of digging (52)
Scrolls
 g - 10 scrolls of teleportation
 i - 13 scrolls of remove curse
 k - 6 scrolls of magic mapping {!r}
 q - 7 scrolls of amnesia
 w - a scroll of summoning {!r}
 y - 4 scrolls of fog
 H - 3 scrolls of blinking
 W - 3 scrolls of fear {!r}
 X - 5 scrolls of identify
 Z - 2 scrolls of silence
Potions
 e - 3 potions of might
 h - 5 potions of heal wounds
 j - 4 potions of berserk rage {!q}
 l - 5 potions of haste
 m - 5 potions of agility
 n - 5 potions of magic
 t - 4 potions of flight
 v - 11 potions of curing
 x - 2 potions of resistance
 F - 4 potions of brilliance
 I - 3 potions of invisibility
 J - 7 potions of ambrosia {!q}
 P - 6 potions of mutation {!q}
 U - a potion of cancellation
Miscellaneous
 b - a phial of floods
 u - a phantom mirror
 C - a lightning rod (4/4)
 Q - a fan of gales
Comestibles
 c - 40 rations


   Skills:
 + Level 18.2 Fighting
   Level 1.0 Short Blades
 - Level 17.9(18.0) Axes
   Level 1.4(10.5) Polearms
 + Level 12.5 Armour
 + Level 9.9 Dodging
 - Level 0.7 Stealth
 - Level 12.5 Shields
 - Level 10.0 Spellcasting
 - Level 3.0 Charms
 - Level 3.0 Summonings
 + Level 14.8 Necromancy
 - Level 5.0 Translocations
 + Level 7.3 Ice Magic
 - Level 10.0 Earth Magic
 - Level 10.3 Evocations


You had 11 spell levels left.
You knew the following spells:

 Your Spells              Type           Power        Failure   Level  Hunger
a - Animate Dead          Necr           N/A          1%          4    #......
b - Conjure Flame         Conj/Fire      ##......     22%         3    None
c - Simulacrum            Ice/Necr       ######....   12%         6    ######.
d - Borgnjor's Vile Clut  Necr/Erth      ######....   1%          5    ####...
e - Blink                 Tloc           N/A          1%          2    None
f - Dispel Undead         Necr           ######..     1%          5    ####...
j - Regeneration          Chrm/Necr      ######....   1%          3    None
v - Summon Butterflies    Summ           ####....     2%          1    None
z - Apportation           Tloc           ####..       1%          1    None


Dungeon Overview and Level Annotations

Branches:
Dungeon (15/15)            Temple (1/1) D:6            Lair (6/6) D:10
 Shoals (4/4) Lair:4       Spider (4/4) Lair:4        Slime (0/5) Lair:6
    Orc (2/2) D:10            Elf (0/3) Orc:2        Vaults (4/5) D:14
  Crypt (0/3) Vaults:3     Depths (2/5) D:15

Altars:
Ashenzari
Cheibriados
Dithmenos
Elyvilon
Fedhas
Gozag
Hepliaklqana
Kikubaaqudgha
Makhleb
Nemelex Xobeh
Okawaru
Qazlal
Ru
Sif Muna
Trog
Uskayaw
Vehumet
Wu Jian
Xom
Yredelemnul
Zin
The Shining One
Beogh
Jiyva

Shops:
D:4 !   Orc:2 :(*[[   Vaults:4 *[*([

Portals:
Hell: Depths:1

Annotations:
D:4 1 runed door, Monsterracer's ghost, amateur DrWn
D:12 Snorg
Vaults:1 Saint Roka


Message History

The zombie hands constrict the stone giant!
The stone giant throws a large rock.
The large rock hits you.
You see here a large rock.
You take 4 damage, and have 145/202 hp.
The zombie hands constrict the stone giant, but do no damage.
The caustic shrike claws you.
You are splashed with acid!
The acid burns!
The stone giant struggles to escape constriction.
A two-headed ogre comes into view.
It is wielding a giant spiked club and a giant club.
You see here a bolt.
You take 10 damage, and have 135/202 hp.
You slash the caustic shrike!
The caustic shrike writhes in agony.
The caustic shrike is lightly wounded.
The zombie hands constrict the stone giant!
The zombie hands release their grip on the stone giant.
The caustic shrike claws you!!
You are splashed with acid!
The acid burns!
The caustic shrike claws you but does no damage.
You take 29 damage, and have 106/202 hp.
You slice the caustic shrike!!
The caustic shrike is moderately wounded.
You hit the stone giant but do no damage.
The stone giant writhes in agony.
You block the caustic shrike's attack. The stone giant hits you!
* * * LOW HITPOINT WARNING * * *
You take 10 damage, and have 96/202 hp.
The caustic shrike claws you!!
* * * LOW HITPOINT WARNING * * *
You are splashed with acid!
The acid burns!
* * * LOW HITPOINT WARNING * * *
You take 23 damage, and have 73/202 hp.
You block the caustic shrike's attack.
There is a stone staircase leading up, spattered with blood here.
Things that are here:
5 bolts; a large rock Unknown command.
The caustic shrike claws you but does no damage. x2
The stone giant hits you but does no damage.
You climb upwards.
There is a stone staircase leading down here.
Unknown command.
Unknown command.
Unknown command.
You regained 2 hp, and now have 76/202 hp.
Unknown command.
Casting: Borgnjor's Vile Clutch
Confirm with . or Enter, or press ? or * to list all spells.
You blink.
The caustic shrike claws you.
* * * LOW HITPOINT WARNING * * *
You are splashed with acid!
The acid burns!
* * * LOW HITPOINT WARNING * * *
The caustic shrike claws you!
* * * LOW HITPOINT WARNING * * *
You are splashed with acid!
The acid burns!
* * * LOW HITPOINT WARNING * * *
You take 26 damage, and have 50/202 hp.
You now have 29/36 mp.
Casting: Blink
Confirm with . or Enter, or press ? or * to list all spells.
You blink.
You now have 27/36 mp.
Casting: Blink
Confirm with . or Enter, or press ? or * to list all spells.
Okay, then.
Evoke which item? (* to show all) (? for menu, Esc to quit)
Aiming: Cloud Cone
Press: ? - help, Dir - move target cursor, f - caustic shrike
Aim: a caustic shrike (moderately wounded)
You create a blast of poison gas!
The caustic shrike is engulfed in poison gas.
The caustic shrike is poisoned.
The caustic shrike is engulfed in poison gas.
The caustic shrike looks even sicker.
Press: ? - help, v - describe, . - travel
Here: a caustic shrike (poison gas, moderately wounded, poisoned)
The floor.
Casting: Blink
Confirm with . or Enter, or press ? or * to list all spells.
Okay, then.
Unknown command.
Put on which piece of jewellery? (? for menu, Esc to quit)
You're wearing all the rings you can.
Remove which one? (? for menu, Esc to cancel) < or
o - a ring of protection from magic {!d} > or
p - a +3 ring of intelligence You remove your ring of protection from magic {!d}.
The stone giant is engulfed in poison gas.
The stone giant is poisoned.
The caustic shrike is engulfed in poison gas.
The caustic shrike looks even sicker.
The caustic shrike claws you!
* * * LOW HITPOINT WARNING * * *
The acid corrodes you!
You are splashed with acid!
The acid burns!
* * * LOW HITPOINT WARNING * * *
f - a ring of resist corrosion (left hand)
The caustic shrike is engulfed in poison gas.
The caustic shrike looks as sick as possible!
The caustic shrike claws you!!
* * * LOW HITPOINT WARNING * * *
The acid corrodes you!
You are splashed with acid!
The acid burns!
You resist.
You die...
Kikubaaqudgha rasps: "You have failed me!
Welcome... death!"

#..# #..# #. #.(# #..# #. #.(#
#(.# #.
###.^###############..##########.
.............................)...
...(((...........................
#######....§§...........#########
#######....§§§§.........#########
...........§§C§b@................
...........§§§§..................
######..#################........
#..# #........ #..# #........
######..#################........
.......))........................
.......))........................
###..................############


You could see a caustic shrike and a stone giant.

Vanquished Creatures
  Arachne (Spider:4)
  Jorgrun (Shoals:4)
  Rupert (Lair:6)
  Polyphemus (Shoals:4)
  A kraken (Shoals:4)
  Ilsuiw (Shoals:4)
  2 frost giants
  3 fire giants
  Louise (Shoals:1)
  2 emperor scorpions (Spider:2)
  A ghoul (D:15)
  10 vault wardens
  4 ghost moths
  7 ironheart preservers
  7 stone giants
  3 very ugly things
  3 entropy weavers
  A vampire knight (Depths:2)
  A deep elf annihilator (Vaults:3)
  4 spark wasps (Spider:4)
  2 merfolk javelineers (Shoals:4)
  An ettin (Orc:2)
  3 fire dragons
  2 great orbs of eyes
  4 merfolk impalers
  Fannar (D:11)
  9 yaktaur captains
  9 vault guards
  6 ice dragons
  2 rakshasas
  9 hydras
  A merfolk avatar (Shoals:4)
  7 merfolk aquamancers
  51 two-headed ogres
  5 death knights
  3 catoblepae
  2 death yaks (Shoals:4)
  11 centaur warriors
  A tengu warrior (D:13)
  A deep troll shaman (Vaults:3)
  A deep troll earth mage (Depths:1)
  An orc high priest (Orc:1)
  21 ogre magi
  2 fire crabs (shapeshifter)
  6 deep elf knights
  10 skeletal warriors
  7 deep trolls
  3 shadow wraiths
  10 sea snakes
  2 unseen horrors
  2 deep elf archers
  A shadow dragon zombie (Vaults:4)
  2 phantasmal warriors (Vaults:4)
  15 orc knights
  23 harpies
  7 deep elf magi
  9 ironbrand convokers
  4 wizards
  2 wolf spider zombies (D:15)
  3 necromancers
  20 orb spiders
  12 ugly things
  13 fauns
  4 orc sorcerers
  12 cyclopes
  10 manticores
  A salamander (shapeshifter) (Depths:2)
  33 wolf spiders
  2 frost giant skeletons (Vaults:3)
  2 moths of wrath
  8 merfolk sirens
  9 elephants
  3 black mambas
  17 vault sentinels
  A gargoyle (D:14)
  7 water nymphs
  3 torpor snails
  A yaktaur zombie (Vaults:1)
  14 spiny frogs
  A kobold demonologist (D:14)
  An efreet (D:15)
  A human zombie (Vaults:4)
  5 rime drakes
  38 yaktaurs
  11 freezing wraiths
  A yaktaur skeleton (Vaults:3)
  11 demonic crawlers
  3 komodo dragons
  A troll (shapeshifter) (Depths:2)
  A yaktaur (shapeshifter) (D:13)
  32 merfolk
  4 tengu conjurers
  2 harpy zombies (D:15)
  3 human skeletons
  A queen bee (Lair:1)
  10 trolls
  A guardian mummy (D:15)
  3 polar bears (Lair:6)
  27 jumping spiders
  5 wind drakes
  A polar bear (shapeshifter) (Vaults:4)
  3 meliai (D:12)
  11 hornets
  8 snapping turtles
  13 blink frogs
  A meliai zombie (D:15)
  16 dream sheep
  32 slime creatures
  A fire giant simulacrum (Vaults:1)
  16 hippogriffs
  A shadow (D:14)
  46 redbacks
  14 spriggans
  21 tarantellas
  A vampire (D:15)
  8 wyverns
  An ettin skeleton (Vaults:3)
  4 wraiths
  8 water elementals
  A human (D:14)
  4 basilisks
  Eustachio (D:5)
  3 steam dragons
  31 yaks
  3 hungry ghosts
  4 vampire mosquitoes (D:13)
  Menkaure (D:5)
  Edmund (D:5)
  3 acid dragons
  5 wargs
  14 water moccasins
  10 porcupines
  An eye of draining (D:14)
  A sky beast (shapeshifter) (Vaults:4)
  47 orc warriors
  3 ice beasts
  A sky beast (D:5)
  A black bear (shapeshifter) (Vaults:4)
  An eye of draining (shapeshifter) (Vaults:2)
  A necrophage (D:14)
  3 phantoms
  A hornet zombie (D:15)
  4 black bears
  13 boggarts
  27 wolves
  A tengu (shapeshifter) (Vaults:2)
  27 centaurs
  66 ogres
  23 crocodiles
  Blork the orc (D:4)
  14 bullfrogs
  A wyvern zombie (D:15)
  A glowing shapeshifter simulacrum (Vaults:1)
  2 scorpions (D:4)
  30 killer bees
  A water moccasin skeleton (D:8)
  3 vampire bats (D:14)
  5 wights (D:14)
  3 howler monkeys
  4 electric eels
  10 crimson imps
  A quasit (D:9)
  A lava snake (Lair:5)
  5 centaur zombies
  9 centaur skeletons
  A hound (D:10)
  22 orc priests
  Crazy Yiuf (D:5)
  A bullfrog skeleton (D:13)
  33 orc wizards
  Ijyb (D:4)
  An iguana (D:4)
  3 worker ants
  A statue (D:4)
  4 hound skeletons
  A mummy (D:15)
  Robin (D:3)
  2 worker ant zombies
  6 gnolls
  16 adders
  3 shadow imps
  2 adder skeletons
  2 adder zombies (D:8)
  2 worms
  2 dart slugs
  5 leopard geckos
  116 orcs
  3 ball pythons
  14 bats
  7 giant cockroaches
  14 goblins
  9 hobgoblins
  8 jackals
  A quokka (D:12)
  4 frilled lizards
  A goblin skeleton (D:4)
  11 kobolds
  2 leopard gecko skeletons
  A leopard gecko zombie (D:5)
  8 rats
  2 bushes (Lair:4)
  A fungus (Lair:4)
  16 plants
  2 tentacles (Shoals:4)
1579 creatures vanquished.

Vanquished Creatures (collateral kills)
  Nikola (Shoals:4)
  Donald (Shoals:4)
  A merfolk impaler (Shoals:4)
  A merfolk javelineer (Shoals:4)
  A merfolk avatar (Shoals:4)
  A sea snake (Shoals:4)
  3 harpies (Shoals:4)
  An orb spider (Spider:4)
  A wolf spider (Spider:4)
  A manticore (Shoals:4)
  A merfolk (Shoals:4)
  2 jumping spiders (Spider:4)
  2 snapping turtles (Shoals:4)
  5 tarantellas
  3 redbacks (Spider:4)
  A water elemental (Shoals:2)
  A jelly (D:13)
  2 orcs (D:4)
  A giant cockroach (D:4)
  2 plants (Shoals:4)
32 creatures vanquished.

Vanquished Creatures (others)
  A frost giant (Depths:2)
  A wyvern (Lair:4)
  2 ogres
  An orc wizard (D:9)
  A gnoll (D:2)
  An orc (D:4)
  17 fungi
  39 plants
  9 tentacles (Shoals:4)
72 creatures vanquished.

Grand Total: 1683 creatures vanquished

Notes
Turn   | Place    | Note
-------+----------+-------------------------------------------
     0 | D:1      | Monsterracer the Hill Orc Artificer began the quest for the Orb.
     0 | D:1      | Reached XP level 1. HP: 16/16 MP: 3/3
   291 | D:1      | Reached skill level 2 in Fighting
   294 | D:1      | Reached XP level 2. HP: 24/24 MP: 4/4
   832 | D:1      | Reached XP level 3. HP: 30/30 MP: 5/5
   870 | D:1      | Reached skill level 3 in Fighting
  1652 | D:2      | Found a shadowy altar of Dithmenos.
  2099 | D:2      | HP: 15/31 [crimson imp (1)]
  2111 | D:2      | Reached skill level 4 in Fighting
  2111 | D:2      | Reached XP level 4. HP: 21/40 MP: 6/6
  2502 | D:2      | HP: 19/40 [something (2)]
  2507 | D:2      | HP: 16/41 [gnoll (4)]
  2510 | D:2      | HP: 2/41 [gnoll (6)]
  2575 | D:2      | HP: 7/41 [gnoll (4)]
  2580 | D:2      | Reached XP level 5. HP: 8/47 MP: 6/8
  3386 | D:3      | HP: 21/47 [kobold/short sword (3)]
  3391 | D:3      | Reached skill level 5 in Fighting
  3767 | D:3      | Found a deep blue altar of Sif Muna.
  3821 | D:3      | Found a blossoming altar of Fedhas.
  3863 | D:3      | Noticed Robin
  3884 | D:3      | Killed Robin
  3884 | D:3      | Reached skill level 1 in Armour
  3976 | D:3      | Reached skill level 1 in Polearms
  4176 | D:3      | Found a bloodstained altar of Trog.
  4266 | D:4      | Found a radiant altar of Vehumet.
  4326 | D:4      | Noticed Blork the orc
  4336 | D:4      | Killed Blork the orc
  4336 | D:4      | Reached XP level 6. HP: 43/56 MP: 9/9
  4425 | D:4      | Found Jemesm's Distillery.
  4428 | D:4      | Bought a potion of curing for 33 gold pieces
  4428 | D:4      | Bought a potion of might for 44 gold pieces
  4739 | D:4      | HP: 14/56 [orc/wand of acid (7) (24)]
  4739 | D:4      | HP: 5/56 [acid (9)]
  4752 | D:4      | HP: 7/56 [scorpion (1)]
  4831 | D:4      | Reached XP level 7. HP: 34/61 MP: 10/10
  5201 | D:4      | Noticed a human
  5203 | D:4      | Found a runed door.
  5208 | D:4      | Found a basalt altar of Yredelemnul.
  5234 | D:4      | Found a sparkling altar of Nemelex Xobeh.
  5284 | D:4      | Noticed Monsterracer's ghost (amateur DrWn)
  5457 | D:4      | Reached skill level 5 in Axes
  5662 | D:4      | HP: 30/61 [something/puff of flame (7)]
  5667 | D:4      | HP: 14/61 [something (4)]
  6083 | D:4      | HP: 31/62 [poisoned by a scorpion]
  6088 | D:4      | HP: 30/62 [poisoned by a scorpion]
  6093 | D:4      | HP: 29/62 [poisoned by a scorpion]
  6101 | D:4      | HP: 28/62 [poisoned by a scorpion]
  6492 | D:4      | HP: 31/62 [orc priest/nerve-wracking pain (11)]
  6902 | D:4      | Noticed Ijyb
  6907 | D:4      | Killed Ijyb
  6916 | D:4      | Reached skill level 6 in Fighting
  6921 | D:4      | Learned a level 3 spell: Regeneration
  6944 | D:5      | Entered Level 5 of the Dungeon
  6944 | D:5      | Noticed Menkaure
  6947 | D:5      | Killed Menkaure
  6947 | D:5      | Reached XP level 8. HP: 70/70 MP: 11/11
  6982 | D:5      | Noticed Edmund
  7003 | D:5      | HP: 33/70 [something (6)]
  7010 | D:5      | HP: 31/70 [something (3)]
  7015 | D:5      | Killed Edmund
  7015 | D:5      | Reached skill level 5 in Evocations
  7295 | D:5      | Noticed Eustachio
  7318 | D:5      | Killed Eustachio
  7661 | D:5      | Found a glowing silver altar of Zin.
  7826 | D:5      | Found a runed door.
  7830 | D:5      | Noticed Crazy Yiuf
  7838 | D:5      | Killed Crazy Yiuf
  8105 | D:6      | Reached XP level 9. HP: 62/78 MP: 13/13
  8136 | D:6      | Reached skill level 7 in Fighting
  8308 | D:6      | Learned a level 5 spell: Borgnjor's Vile Clutch
  8344 | D:6      | Found a staircase to the Ecumenical Temple.
  8354 | Temple   | Entered the Ecumenical Temple
  8456 | Temple   | Became a worshipper of Kikubaaqudgha
  8473 | D:6      | Found an opulent altar of Gozag.
  9014 | D:6      | Found a sacrificial altar of Ru.
  9289 | D:7      | Found a sand-covered staircase.
 10381 | D:8      | Noticed a two-headed ogre
 10400 | D:8      | HP: 32/81 [two-headed ogre/giant club (10)]
 10404 | D:8      | Killed a two-headed ogre
 10404 | D:8      | Reached skill level 8 in Fighting
 10404 | D:8      | Reached skill level 10 in Axes
 10404 | D:8      | Reached XP level 10. HP: 35/88 MP: 13/15
 10415 | D:8      | HP: 37/88 [adder zombie (1)]
 10997 | D:9      | Reached * piety under Kikubaaqudgha
 10997 | D:9      | Identified Kikubaaqudgha's Tome of Sinister Arts (Kikubaaqudgha gifted it to you on level 9 of the Dungeon)
 10997 | D:9      | Received a gift from Kikubaaqudgha
 11001 | D:9      | Found an iron altar of Okawaru.
 11187 | D:9      | HP: 44/90 [poisoned by an orc wizard]
 11192 | D:9      | HP: 27/90 [poisoned by an orc wizard]
 11805 | D:9      | HP: 39/90 [troll (14)]
 11808 | D:9      | HP: 19/90 [troll (8)]
 11847 | D:9      | HP: 26/90 [troll (1)]
 12065 | D:9      | Reached skill level 5 in Dodging
 12226 | D:9      | HP: 45/90 [hippogriff (5)]
 12561 | D:9      | Reached skill level 9 in Fighting
 12630 | D:9      | Reached ** piety under Kikubaaqudgha
 12930 | D:10     | Entered Level 10 of the Dungeon
 13097 | D:10     | Noticed a five-headed hydra
 13101 | D:10     | HP: 43/91 [five-headed hydra (7)]
 13104 | D:10     | HP: 17/91 [five-headed hydra (14)]
 13105 | D:10     | Killed a five-headed hydra
 13105 | D:10     | Reached skill level 1 in Spellcasting
 13420 | D:10     | Got a warped lajatang
 13426 | D:10     | Found a staircase to the Lair.
 13448 | D:10     | Reached XP level 11. HP: 71/97 MP: 16/16
 13467 | D:10     | HP: 48/97 [warg (8)]
 13473 | D:10     | HP: 31/97 [warg (7)]
 13480 | D:10     | HP: 24/97 [warg (9)]
 13495 | D:10     | Identified the +4 lajatang of Trog's Reproof {drain, Int+3} (You found it on level 10 of the Dungeon)
 13752 | D:10     | Learned a level 4 spell: Animate Dead
 13848 | D:10     | Found a staircase to the Orcish Mines.
 14400 | Lair:1   | Entered Level 1 of the Lair of Beasts
 14568 | Lair:1   | HP: 48/99 [poisoned by a water moccasin]
 14573 | Lair:1   | HP: 40/99 [poisoned by a water moccasin]
 14578 | Lair:1   | HP: 34/99 [poisoned by a water moccasin]
 14583 | Lair:1   | HP: 31/99 [poisoned by a water moccasin]
 14587 | Lair:1   | HP: 6/99 [spiny frog (19)]
 14592 | D:10     | HP: 21/99 [poisoned by a water moccasin]
 14598 | D:10     | HP: 20/99 [poisoned by a water moccasin]
 14606 | D:10     | HP: 20/99 [poisoned by a water moccasin]
 14750 | D:10     | HP: 49/99 [porcupine's spines (7)]
 15135 | D:10     | HP: 49/99 [poisoned by a spiny frog]
 15140 | D:10     | HP: 45/99 [poisoned by a spiny frog]
 15145 | D:10     | HP: 43/99 [poisoned by a spiny frog]
 15150 | D:10     | HP: 41/99 [poisoned by a spiny frog]
 15155 | D:10     | HP: 40/99 [poisoned by a spiny frog]
 15162 | D:10     | HP: 40/99 [poisoned by a spiny frog]
 15170 | D:10     | HP: 40/99 [poisoned by a spiny frog]
 15663 | Lair:1   | HP: 49/99 [poisoned by a spiny frog]
 15668 | Lair:1   | HP: 28/99 [poisoned by a spiny frog]
 15670 | Lair:1   | HP: 5/99 [spiny frog (19)]
 15676 | Lair:1   | HP: 4/99 [spiny frog (14)]
 16050 | Lair:1   | Reached skill level 10 in Fighting
 16050 | Lair:1   | Reached skill level 5 in Armour
 16429 | Lair:1   | Reached skill level 1 in Shields
 16730 | Lair:1   | HP: 49/99 [blink frog (7)]
 16739 | Lair:1   | HP: 28/99 [blink frog (3)]
 17154 | Lair:1   | HP: 49/99 [poisoned by a spiny frog]
 17160 | Lair:1   | HP: 47/99 [poisoned by a spiny frog]
 17165 | Lair:1   | HP: 46/99 [poisoned by a spiny frog]
 17172 | Lair:1   | HP: 46/99 [poisoned by a spiny frog]
 17180 | Lair:1   | HP: 46/99 [poisoned by a spiny frog]
 17730 | Lair:1   | HP: 49/99 [queen bee (5)]
 17735 | Lair:1   | HP: 35/99 [queen bee (4)]
 17740 | Lair:1   | HP: 19/100 [poisoned by a killer bee]
 17743 | Lair:1   | HP: 9/100 [poisoned by a killer bee]
 17751 | Lair:1   | HP: 9/100 [poisoned by a killer bee]
 17759 | Lair:1   | HP: 9/100 [poisoned by a killer bee]
 18360 | Lair:1   | HP: 50/100 [porcupine's spines (8)]
 18361 | Lair:1   | Reached XP level 12. HP: 42/107 MP: 18/18
 18363 | Lair:1   | Reached *** piety under Kikubaaqudgha
 18363 | Lair:1   | Identified Kikubaaqudgha's Tome of Evil (Kikubaaqudgha gifted it to you on level 1 of the Lair of Beasts)
 18363 | Lair:1   | Received a gift from Kikubaaqudgha
 18365 | Lair:1   | HP: 39/107 [poisoned by a black mamba]
 18371 | Lair:1   | HP: 35/107 [poisoned by a black mamba]
 18376 | Lair:1   | Learned a level 5 spell: Dispel Undead
 18376 | Lair:1   | HP: 34/107 [poisoned by a black mamba]
 18381 | Lair:1   | HP: 33/107 [poisoned by a black mamba]
 18388 | Lair:1   | HP: 33/107 [poisoned by a black mamba]
 18396 | Lair:1   | HP: 33/107 [poisoned by a black mamba]
 18678 | Lair:1   | HP: 35/107 [komodo dragon (26)]
 18680 | Lair:1   | HP: 2/107 [komodo dragon (25)]
 19080 | Lair:2   | Noticed a five-headed hydra
 19096 | Lair:1   | HP: 40/107 [rime drake/flash freeze (17)]
 19428 | Lair:1   | HP: 51/107 [killer bee (5)]
 19434 | Lair:1   | HP: 49/107 [poisoned by a killer bee]
 19440 | Lair:1   | HP: 48/107 [poisoned by a killer bee]
 19447 | Lair:1   | HP: 47/107 [poisoned by a killer bee]
 19455 | Lair:1   | HP: 48/107 [poisoned by a killer bee]
 20146 | Lair:2   | HP: 54/108 [hippogriff (4)]
 20543 | Lair:2   | Noticed a catoblepas
 20543 | Lair:2   | a five-headed hydra changed into a catoblepas
 20679 | Lair:2   | Killed a catoblepas
 20951 | Lair:2   | Reached **** piety under Kikubaaqudgha
 21439 | Lair:2   | Reached skill level 11 in Fighting
 21591 | Lair:2   | HP: 52/110 [yak (9)]
 21651 | Lair:2   | Reached skill level 15 in Axes
 21660 | Lair:2   | HP: 55/110 [poisoned by a killer bee]
 21665 | Lair:2   | HP: 54/110 [poisoned by a killer bee]
 21670 | Lair:2   | HP: 53/110 [poisoned by a killer bee]
 21677 | Lair:2   | HP: 53/110 [poisoned by a killer bee]
 21685 | Lair:2   | HP: 53/110 [poisoned by a killer bee]
 22244 | Lair:3   | Noticed a seven-headed hydra
 22349 | Lair:3   | HP: 44/110 [komodo dragon (18)]
 22463 | Lair:3   | Noticed an eight-headed hydra
 22465 | Lair:3   | HP: 55/110 [poisoned by a spiny frog]
 22470 | Lair:3   | HP: 48/110 [poisoned by a spiny frog]
 22475 | Lair:3   | HP: 24/110 [poisoned by a spiny frog]
 22478 | Lair:3   | HP: 9/110 [spiny frog (10)]
 23376 | Lair:3   | HP: 53/110 [seven-headed hydra (8)]
 23378 | Lair:3   | HP: 20/110 [seven-headed hydra (10)]
 23378 | Lair:3   | HP: 8/110 [seven-headed hydra (12)]
 23410 | Lair:3   | HP: 4/110 [seven-headed hydra (10)]
 23892 | Lair:3   | Reached XP level 13. HP: 59/116 MP: 20/20
 23892 | Lair:3   | HP: 56/116 [yak (3)]
 23899 | Lair:3   | HP: 49/116 [yak (1)]
 24176 | Lair:3   | Reached skill level 1 in Necromancy
 24716 | Lair:4   | Found a staircase to the Shoals.
 24727 | Lair:4   | HP: 51/116 [blink frog (11)]
 24731 | Lair:4   | HP: 24/116 [manticore (6)]
 24732 | Lair:4   | HP: 7/116 [manticore (10)]
 24740 | Lair:4   | HP: 26/116 [blink frog (3)]
 24755 | Lair:4   | Noticed Sonja
 24757 | Lair:4   | Noticed Sonja
 24757 | Lair:4   | Sonja changed into Sonja the wyvern
 24761 | Lair:4   | HP: 17/116 [Sonja the wyvern (10)]
 24763 | Lair:4   | Killed Sonja the wyvern
 25426 | Lair:4   | Found a frozen archway.
 25902 | Lair:4   | Got a jewelled ring mail
 25913 | Lair:4   | Identified the +4 ring mail of Vlad {rPois Str+3 Int+4 Dex-2} (You found it on level 4 of the Lair of Beasts)
 26025 | Lair:4   | Found a hole to the Spider Nest.
 26031 | Lair:4   | Reached skill level 10 in Evocations
 26124 | Lair:4   | Reached skill level 5 in Spellcasting
 26737 | Lair:5   | HP: 55/117 [seven-headed hydra (5)]
 26786 | Lair:5   | HP: 33/117 [seven-headed hydra (11)]
 26829 | Lair:5   | HP: 30/117 [seven-headed hydra (13)]
 26871 | Lair:5   | HP: 38/117 [seven-headed hydra (4)]
 26882 | Lair:5   | HP: 38/117 [seven-headed hydra (3)]
 26901 | Lair:5   | HP: 31/117 [seven-headed hydra (6)]
 27003 | Lair:5   | HP: 45/117 [seven-headed hydra (7)]
 27056 | Lair:5   | HP: 44/117 [seven-headed hydra (3)]
 27713 | Lair:5   | Reached skill level 12 in Fighting
 27842 | Lair:5   | Reached skill level 5 in Necromancy
 28082 | Lair:5   | HP: 59/118 [eight-headed hydra (9)]
 28873 | Lair:6   | Entered Level 6 of the Lair of Beasts
 28873 | Lair:6   | Noticed Rupert
 29311 | Lair:6   | Found a staircase to the Slime Pits.
 29311 | Lair:6   | Found a viscous altar of Jiyva.
 29346 | Lair:6   | HP: 52/118 [Rupert/great sword of holy wrath (23)]
 29349 | Lair:6   | Killed Rupert
 29349 | Lair:6   | Reached skill level 1 in Earth Magic
 29355 | Lair:6   | HP: 38/119 [black mamba (4)]
 29357 | Lair:6   | Reached XP level 14. HP: 41/127 MP: 22/22
 30346 | Lair:6   | HP: 62/127 [spriggan/flail (10)]
 30351 | Lair:6   | HP: 52/127 [poisoned by a hornet]
 30356 | Lair:6   | HP: 47/127 [poisoned by a hornet]
 30361 | Lair:6   | HP: 43/127 [poisoned by a hornet]
 30367 | Lair:6   | HP: 40/127 [poisoned by a hornet]
 30372 | Lair:6   | HP: 38/127 [poisoned by a hornet]
 30377 | Lair:6   | HP: 38/127 [poisoned by a hornet]
 30384 | Lair:6   | HP: 38/127 [poisoned by a hornet]
 30392 | Lair:6   | HP: 38/127 [poisoned by a hornet]
 30729 | Lair:6   | Reached ***** piety under Kikubaaqudgha
 30916 | Lair:6   | Got an ichor-stained dagger
 30920 | Lair:6   | Identified the +8 dagger "Yrherarisi" {protect, *Contam Int+5} (You found it on level 6 of the Lair of Beasts)
 31141 | Lair:6   | Reached skill level 1 in Charms
 31359 | Lair:6   | Paralysed by a hornet for 2 turns
 31597 | Lair:6   | Learned a level 6 spell: Simulacrum
 31763 | D:11     | Noticed Fannar
 31783 | D:11     | Killed Fannar
 31918 | D:11     | HP: 59/127 [four-headed hydra (12)]
 31994 | D:11     | HP: 54/127 [yak (7)]
 32993 | D:12     | Identified a scroll of acquirement
 33086 | D:12     | Noticed Snorg
 33208 | D:12     | Reached skill level 13 in Fighting
 34231 | Orc:1    | Entered Level 1 of the Orcish Mines
 34421 | Orc:1    | Found a roughly hewn altar of Beogh.
 34595 | Orc:2    | Entered Level 2 of the Orcish Mines
 35476 | Orc:2    | Reached ****** piety under Kikubaaqudgha
 35533 | Orc:2    | Reached XP level 15. HP: 85/136 MP: 19/25
 35662 | Orc:2    | Reached skill level 5 in Earth Magic
 35718 | Orc:2    | Learned a level 3 spell: Conjure Flame
 35971 | Orc:2    | Found Eloles's Book Shop.
 36030 | Orc:2    | HP: 65/136 [orc warrior/glaive (8)]
 36258 | Orc:2    | Found Sudy's Antique Armour Shop.
 36258 | Orc:2    | Found Waptesol's General Store.
 36258 | Orc:2    | Found Hovvusch's Antique Armour Emporium.
 36258 | Orc:2    | Found Mojint's Antique Weapon Boutique.
 36267 | Orc:2    | Bought a scroll of enchant armour for 105 gold pieces
 36269 | Orc:2    | Bought a glowing helmet for 270 gold pieces
 36282 | Orc:2    | Bought a shimmering chain mail for 342 gold pieces
 36292 | Orc:2    | Identified the +3 chain mail of the Saviour {*Slow MR+ rCorr SInv} (You bought it in a shop on level 2 of the Orcish Mines)
 36366 | Orc:2    | Reached skill level 10 in Necromancy
 36379 | Orc:2    | Found a roughly hewn altar of Beogh.
 36510 | Orc:2    | Found a staircase to the Elven Halls.
 36561 | Orc:1    | HP: 64/137 [orc warrior/halberd of chopping (19)]
 36714 | Orc:1    | HP: 63/137 [orc knight/glaive (17)]
 37360 | Orc:2    | Bought a book of Minor Magic for 280 gold pieces
 37363 | Orc:2    | Learned a level 2 spell: Blink
 37926 | D:13     | Reached skill level 1 in Translocations
 38649 | D:14     | Reached skill level 14 in Fighting
 38670 | D:14     | Got a shimmering ring mail
 38681 | D:14     | Identified the cursed +0 ring mail of the Pleiades {rN+ Str+3 Stlth+} (You found it on level 14 of the Dungeon)
 38790 | D:14     | Found a flagged portal.
 38894 | Bailey   | Entered a bailey
 39397 | Bailey   | Found the +7 longbow "Piercer" {penet, EV-2}
 39425 | Bailey   | Learned a level 1 spell: Summon Butterflies
 39588 | D:14     | Reached XP level 16. HP: 136/146 MP: 27/27
 39802 | D:14     | Found a glowing golden altar of the Shining One.
 40139 | D:14     | Found a gate to the Vaults.
 40726 | D:14     | Learned a level 1 spell: Apportation
 40749 | D:15     | Entered Level 15 of the Dungeon
 40901 | D:15     | HP: 69/147 [ghoul (23)]
 41319 | D:15     | HP: 62/147 [skeletal warrior/mace of crushing (22)]
 41354 | D:15     | HP: 73/147 [centaur/arrow[a centaur warrior] (8)]
 41362 | D:15     | HP: 57/147 [centaur warrior (3)]
 41367 | D:15     | HP: 51/147 [centaur warrior (1)]
 41941 | D:15     | Reached skill level 5 in Translocations
 42127 | D:15     | HP: 43/147 [ice dragon/blast of cold (40)]
 42128 | D:15     | Reached skill level 1 in Summonings
 42139 | D:15     | Found a staircase to the Depths.
 42697 | Spider:1 | Entered Level 1 of the Spider Nest
 42940 | Spider:1 | HP: 62/147 [redback (12)]
 43095 | Spider:1 | Reached XP level 17. HP: 154/154 MP: 16/29
 43969 | Spider:2 | HP: 75/154 [demonic crawler (4)]
 43974 | Spider:2 | HP: 54/154 [demonic crawler (8)]
 43980 | Spider:2 | HP: 52/154 [poisoned by a redback]
 43986 | Spider:2 | HP: 58/154 [poisoned by a redback]
 43991 | Spider:2 | HP: 61/154 [poisoned by a redback]
 43998 | Spider:1 | HP: 53/154 [redback (1)]
 44000 | Spider:1 | Reached XP level 18. HP: 55/162 MP: 6/30
 44883 | Spider:3 | HP: 78/162 [wolf spider (13)]
 44889 | Spider:3 | HP: 45/162 [jumping spider (7)]
 45048 | Spider:3 | HP: 76/162 [redback (10)]
 45051 | Spider:3 | Reached skill level 15 in Fighting
 45208 | Spider:3 | Reached skill level 1 in Ice Magic
 45423 | Spider:3 | HP: 69/163 [redback (15)]
 45429 | Spider:3 | HP: 66/163 [moth of wrath (5)]
 45908 | Spider:4 | Entered Level 4 of the Spider Nest
 46023 | Spider:4 | Noticed Arachne
 46038 | Spider:4 | HP: 70/163 [Arachne/poison arrow (21)]
 46043 | Spider:4 | HP: 66/163 [poisoned by Arachne (poison arrow)]
 46048 | Spider:4 | HP: 66/163 [poisoned by Arachne (poison arrow)]
 46050 | Spider:4 | Killed Arachne
 46053 | Spider:4 | HP: 66/163 [poisoned by Arachne (poison arrow)]
 46058 | Spider:4 | HP: 69/163 [poisoned by Arachne (poison arrow)]
 46064 | Spider:4 | HP: 68/163 [poisoned by Arachne (poison arrow)]
 46069 | Spider:3 | HP: 71/163 [poisoned by Arachne (poison arrow)]
 46077 | Spider:3 | HP: 80/163 [poisoned by Arachne (poison arrow)]
 46544 | Spider:4 | HP: 79/163 [jumping spider (3)]
 46896 | Spider:4 | HP: 72/163 [spark wasp (12)]
 46897 | Spider:4 | HP: 35/163 [spark wasp/living lightning (23)]
 46902 | Spider:4 | HP: 51/163 [poisoned by a redback]
 46907 | Spider:4 | HP: 49/163 [poisoned by a redback]
 46912 | Spider:4 | HP: 50/163 [poisoned by a redback]
 46917 | Spider:4 | HP: 53/163 [poisoned by a redback]
 46922 | Spider:4 | HP: 57/163 [poisoned by a redback]
 46927 | Spider:4 | HP: 60/163 [poisoned by a redback]
 46934 | Spider:4 | HP: 67/163 [poisoned by a redback]
 46942 | Spider:4 | HP: 76/163 [poisoned by a redback]
 47013 | Spider:4 | HP: 78/163 [spark wasp (17)]
 47143 | Spider:4 | HP: 78/163 [something (6)]
 47148 | Spider:4 | HP: 47/163 [poisoned by a ghost moth]
 47878 | Spider:4 | Got a crystal trident
 47879 | Spider:4 | Identified the +8 trident of the Four Princes {pierce, +Rage Str+4 Dex+3} (You found it on level 4 of the Spider Nest)
 47892 | Spider:4 | Got a gossamer rune of Zot
 48295 | Shoals:1 | Entered Level 1 of the Shoals
 48452 | Shoals:1 | Noticed Louise
 48477 | Shoals:1 | Killed Louise
 49392 | Shoals:1 | Reached XP level 19. HP: 147/171 MP: 32/32
 49577 | Shoals:2 | HP: 85/171 [harpy (5)]
 50062 | Shoals:2 | Reached skill level 10 in Shields
 51150 | Shoals:3 | Reached skill level 10 in Armour
 51318 | Shoals:4 | Entered Level 4 of the Shoals
 51580 | Shoals:4 | Reached skill level 16 in Fighting
 51758 | Shoals:4 | Noticed Nikola
 51766 | Shoals:4 | Killed Nikola
 51943 | Shoals:4 | Noticed Donald
 51952 | Shoals:4 | Killed Donald
 52072 | Shoals:4 | Noticed Jorgrun
 52079 | Shoals:4 | Killed Jorgrun
 52203 | Shoals:4 | Identified the cursed +0 large shield of Indecent Exposure {MR++ Str+5 Int-2} (You took it off a merfolk aquamancer on level 4 of the Shoals)
 52301 | Shoals:4 | Noticed Polyphemus
 52314 | Shoals:4 | HP: 72/172 [Polyphemus (26)]
 52320 | Shoals:4 | Killed Polyphemus
 52320 | Shoals:4 | Reached skill level 10 in Earth Magic
 52448 | Shoals:4 | Noticed Ilsuiw
 52479 | Shoals:4 | HP: 61/173 [Ilsuiw/shard of ice (58)]
 52482 | Shoals:4 | Killed Ilsuiw
 53088 | Shoals:4 | HP: 87/174 [merfolk javelineer/javelin of penetration (7)]
 53353 | Shoals:4 | Got a barnacled rune of Zot
 53752 | D:4      | Bought a potion of curing for 33 gold pieces
 53752 | D:4      | Bought a potion of curing for 33 gold pieces
 53752 | D:4      | Bought a potion of curing for 33 gold pieces
 54013 | Vaults:1 | Entered Level 1 of the Vaults
 54157 | Vaults:1 | HP: 79/174 [fire giant simulacrum (11)]
 54348 | Vaults:1 | Reached skill level 10 in Spellcasting
 54349 | Vaults:1 | HP: 79/174 [yaktaur captain (14)]
 54353 | Vaults:1 | Reached XP level 20. HP: 68/182 MP: 5/34
 54366 | Vaults:1 | HP: 63/182 [orc warrior/scimitar[an orc knight] (22)]
 55563 | Vaults:1 | Noticed Saint Roka
 56498 | Vaults:2 | HP: 85/183 [orc knight/great sword (11)]
 56669 | Vaults:2 | Reached skill level 17 in Fighting
 58109 | Vaults:3 | Reached skill level 5 in Ice Magic
 58628 | Vaults:3 | HP: 84/184 [ettin skeleton[a necromancer] (21)]
 58628 | Vaults:3 | HP: 11/184 [entropy weaver simulacrum (37)]
 59004 | Vaults:3 | Reached XP level 21. HP: 175/192 MP: 20/35
 59698 | Vaults:3 | Identified a +3 broad axe of pain (a +1 broad axe of electrocution bloodied by Kikubaaqudgha)
 59698 | Vaults:3 | Received a gift from Kikubaaqudgha
 59698 | Vaults:3 | HP: 84/192 [??? (66)]
 59797 | Vaults:3 | Found a staircase to the Crypt.
 60124 | Vaults:4 | HP: 96/192 [burnt (2)]
 60131 | Vaults:4 | HP: 35/192 [mirror damage (29)]
 60336 | Vaults:4 | Found Okuxzy's Antique Armour Shop.
 60391 | Vaults:4 | Bought a crude buckler for 370 gold pieces
 60391 | Vaults:4 | Identified the +1 buckler of Ru's Delight {Slay+4} (You bought it in a shop on level 4 of the Vaults)
 60499 | Vaults:4 | HP: 91/192 [ice dragon/blast of cold (48)]
 60659 | Vaults:4 | Found Achiggir's Weapon Emporium.
 60675 | Vaults:4 | Bought a faintly glowing plate armour for 1092 gold pieces
 60675 | Vaults:4 | Identified the +1 plate armour of Indomitability {Str+3 Dex+4} (You bought it in a shop on level 4 of the Vaults)
 61459 | Vaults:4 | Got a slimy iron amulet
 61465 | Vaults:4 | Identified the amulet "Reagay" {rPois Regen+ Str+2} (You took it off an ironbrand convoker on level 4 of the Vaults)
 61573 | Vaults:4 | Found Veycaze's General Store.
 61618 | Vaults:4 | Found Wowo's Antique Armour Shop.
 61664 | Vaults:4 | Bought a runed shield for 217 gold pieces
 61723 | Vaults:4 | Found Eguewask's General Store.
 61900 | Vaults:4 | HP: 96/193 [vault warden/enchanted long sword (14)]
 61905 | Vaults:4 | HP: 78/193 [vault warden/enchanted long sword (16)]
 61913 | Vaults:4 | HP: 79/193 [centaur warrior/arrow (6)]
 62351 | Vaults:4 | Reached skill level 18 in Fighting
 62567 | Depths:1 | Entered Level 1 of the Depths
 62579 | Depths:1 | Found a gateway to Hell.
 62721 | Depths:1 | Found a shattered altar of Ashenzari.
 62914 | Depths:1 | Reached XP level 22. HP: 191/202 MP: 30/36
 63474 | Depths:2 | HP: 89/202 [white very ugly thing (49)]
 63485 | Depths:2 | HP: 42/202 [ice dragon/blast of cold (29)]
 63597 | Depths:2 | HP: 97/202 [yaktaur captain/bolt (5)]
 63686 | Depths:2 | HP: 91/202 [frost giant/bolt of cold (27)]
 63810 | Depths:2 | Noticed a caustic shrike
 63813 | Depths:2 | HP: 96/202 [stone giant (10)]
 63818 | Depths:1 | HP: 76/202 [caustic shrike (1)]
 63821 | Depths:1 | HP: 35/202 [caustic shrike (17)]
 63822 | Depths:1 | HP: 3/202 [caustic shrike (25)]
 63822 | Depths:1 | Splashed by a caustic shrike's acid

Skill      XL: |  1  2  3  4  5  6  7  8  9 10 11 12 13 14 15 16 17 18 19 20 21 22 |
---------------+-------------------------------------------------------------------+-----
Fighting       | 2 4 5 6 8 9 10 11 12 13 14 15 16 17 18 | 18.2
Evocations     | 4 5 6 7 8 9 10 | 10.3
Armour         | 1 2 3 4 5 7 8 9 10 11 12 | 12.5
Polearms       | 1 |  1.4
Axes           | 4 6 8 10 12 13 15 16 17 | 17.9
Dodging        | 2 3 4 5 6 7 8 9 |  9.9
Spellcasting   | 1 3 4 5 6 7 8 9 10 | 10.0
Shields        | 4 7 9 11 12 | 12.5
Necromancy     | 6 9 10 11 12 13 14 | 14.8
Earth Magic    | 1 4 6 7 8 10 | 10.0
Charms         | 3 |  3.0
Translocations | 3 5 |  5.0
Summonings     | 2 3 |  3.0
Ice Magic      | 3 5 6 7 |  7.3
Short Blades   | |  1.0
Stealth        | |  0.7

Action                   |  1- 3 |  4- 6 |  7- 9 | 10-12 | 13-15 | 16-18 | 19-21 | 22-24 || total
-------------------------+-------+-------+-------+-------+-------+-------+-------+-------++-------
Melee: Short sword       |   192 |    16 |       |       |       |       |       |       ||   208
       Spear             |       |   158 |       |       |       |       |       |       ||   158
       Hand axe          |       |    25 |   435 |    66 |       |       |       |       ||   526
       Flail             |       |       |    21 |    11 |    59 |     3 |       |       ||    94
       War axe           |       |       |       |   818 |  1208 |   801 |   959 |       ||  3786
       Broad axe         |       |       |       |       |       |       |   256 |    63 ||   319
 Cast: Regeneration      |       |       |       |       |    37 |   116 |   154 |    13 ||   320
       Borgnjor's Vile C |       |       |       |       |    45 |   137 |   177 |    12 ||   371
       Animate Dead      |       |       |       |       |     1 |     8 |     9 |       ||    18
       Conjure Flame     |       |       |       |       |     1 |     1 |       |       ||     2
       Blink             |       |       |       |       |       |     2 |     1 |     2 ||     5
       Apportation       |       |       |       |       |       |       |     1 |       ||     1
Invok: Receive Corpses   |       |       |       |       |     2 |     4 |     2 |       ||     8
       Brand Weapon With |       |       |       |       |       |       |     1 |       ||     1
Evoke: Wand              |     8 |    30 |     7 |    19 |    39 |     2 |     2 |     1 ||   108
       Fan of gales      |       |       |       |       |     1 |       |       |       ||     1
       Lightning rod     |       |       |       |       |       |       |     1 |       ||     1
  Use: Potion            |       |     1 |       |     6 |     3 |     7 |       |       ||    17
       Scroll            |       |       |    16 |    11 |    11 |     8 |    12 |       ||    58
 Stab: Paralysed         |     3 |       |       |     4 |     5 |       |       |       ||    12
       Sleeping          |     1 |     2 |       |     1 |     1 |       |       |       ||     5
       Distracted        |       |       |       |     1 |     1 |     1 |     1 |       ||     4
       Confused          |       |       |       |       |     1 |       |       |       ||     1
  Eat: Chunk             |     4 |     5 |    17 |    39 |    55 |    55 |    73 |     1 ||   249
       Ration            |       |     1 |     1 |     2 |     4 |     6 |     5 |     1 ||    20
Armor: Leather armour    |    63 |     4 |       |       |       |       |       |       ||    67
       Ring mail         |       |    35 |   155 |   571 |   579 |   601 |   502 |    41 ||  2484
       Animal skin       |       |    11 |    22 |       |       |       |       |       ||    33
       Chain mail        |       |       |       |       |     1 |       |       |       ||     1
Dodge: Dodged            |   129 |   102 |   206 |   641 |   727 |   614 |   614 |    42 ||  3075
Block: Buckler           |       |       |       |   132 |   246 |   198 |    58 |    21 ||   655
       Shield            |       |       |       |       |       |    76 |   628 |       ||   704

Vault maps used:
D:1:      onia_arrival_mini_maze
D:2:      nicolae_overflow_crystal_walls, minmay_pentomino_p2
D:3:      nicolae_overflow_hidden_temple, led_sif_pool, lightli_temple_of_fire,
          first_ration, roderic_roman_lattice, uniq_robin
D:4:      vehumet_statue, nemelex_xobeh_ov_fountains_minmay, serial_shops,
          kennysheep_mini_moat, dk_yredelemnul_ordeal, uniq_ijyb,
          uniq_blork_the_orc
D:5:      lemuel_round_altar, uniq_crazy_yiuf_cottage, uniq_menkaure,
          uniq_eustachio, uniq_edmund
D:6:      kennysheep_mini, grunt_gozag_breadcrumbs, minmay_temple_entry_mist
D:7:      enter_ossuary_1, serial_glass, glass_columns_b, glass_columns_a,
          glass_columns_a, glass_columns_b, the_bakery
D:9:      lemuel_crystal_altar, st_stairs_7
D:10:     erik_lair_orcish_takeover, orc_0_dummy, hangedman_glass_teeth
D:11:     grunt_ministairs_6, uniq_fannar
D:12:     serial_shops, nicolae_shop_waterfront, uniq_snorg
D:13:     spider_trap, nrook_mini_backslash
D:14:     grunt_vaults_entry_fortified, enter_bailey_8, tso_metal_star,
          roderic_batcave, spider_trap, serial_bayou_lagoon_a
D:15:     grunt_enter_depths_hoard, serial_undead, serial_undead_c,
          serial_undead_f, serial_undead_d, serial_undead_a, serial_undead_d
Temple:   jpeg_temple_clearing
Lair:1:   beast_lair_carwin_10, grunt_megastairs_2, infiniplex_staircase_pool
Lair:2:   regret_index_tunnel_blossom
Lair:4:   minmay_shoals_entry_beasts, dummy_spider_entry, portal_ice_cave_rime,
          serial_bayou_shore_a, lemuel_fruit_tree, uniq_sonja
Lair:5:   lemuel_fruit_fields
Lair:6:   minmay_lair_end_enchanted_forest, slime_altar_1, uniq_rupert
Shoals:1: uniq_louise
Shoals:3: cheibrodos_shoals_roost
Shoals:4: shoals_end_hangedman, shoals_ilsuiw_alternative, uniq_polyphemus,
          uniq_nikola, uniq_donald, uniq_jorgrun
Spider:4: grunt_spider_rune_parallel, uniq_arachne
Orc:1:    mines1_david
Orc:2:    st_orc_ogre_mass, serial_shops, nicolae_shop_statue_plus, basic_altar
Vaults:1: v_rooms_2, v_alt_pattern_6, vaults_standard_mumra_x, v_misc_26,
          v_pattern_4, nicolae_vaults_little_ls, grunt_vaults_focal,
          nicolae_vaults_little_squares_4, uniq_saint_roka
Vaults:2: hangedman_vaults_variations, ontoclasm_vaults_shout, v_alt_pattern_2,
          vaults_mumra_lcd, vaults_dpeg_encased_lava, v_pattern_3,
          vaults_room_corners, nicolae_vaults_twisting_passages,
          vaults_room_stairs_pillars, v_misc_13, serial_glass
Vaults:3: v_rooms_3, ontoclasm_vaults_decontamination,
          nicolae_vaults_ninety_degrees, hangedman_vaults_cutoff,
          nicolae_vaults_diagonal_hallway_8, nicolae_vaults_theta,
          ontoclasm_vaults_fault, vaults_room_door_hall, ontoclasm_vaults_idyll,
          blue_anna_dwarven_crypt, vaults_room_fours, vaults_dpeg_ring
Vaults:4: v_pattern_5, vaults_room_grunt_arrival_ludios, v_misc_1,
          nicolae_vaults_branching_niches, nicolae_vaults_network_barrier,
          vaults_room_fours, grunt_vaults_funnel, v_alt_pattern_4,
          vaults_room_hallway, ontoclasm_vaults_shuriken,
          ontoclasm_vaults_hangar, ontoclasm_vaults_gateway, serial_shops, shop,
          shop_fountains, nicolae_shop_crystal, shop, nicolae_shop_stone
Depths:1: minmay_misc_feat_hallway, hell_entry, nicolae_ashenzari_panopticon
Depths:2: minmay_the_grid_4x2, hell_entry, grunt_decor_one_mirror
Bailey:   bailey_polearm_2, bailey
